 Dungeon Crawl Stone Soup version 0.30-a0-223-gcb0039aa0c (webtiles) character file.

Game seed: 3259413155399207954

93 greasedhog the Sneak (level 4, -6/27 HPs)
             Began as a Gargoyle Enchanter on Oct 9, 2022.
             Mangled by a gnoll
             ... wielding a +0 halberd
             ... led by a gnoll bouda
              (9 damage)
             ... on level 3 of the Dungeon.
             The game lasted 00:03:48 (3001 turns).

greasedhog the Sneak (Gargoyle Enchanter)           Turns: 3001, Time: 00:03:49

Health: -6/27      AC:  6    Str: 12    XL:     4   Next: 62%
Magic:  7/7        EV: 11    Int: 15    God:
Gold:   109        SH:  5    Dex: 12    Spells: 7/7 levels left

rFire   . . .      SeeInvis .    a - +1 dagger
rCold   . . .      Faith    .    d - +2 buckler
rNeg    + . .      Spirit   .    b - +0 robe
rPois   ∞          Reflect  .    (no helmet)
rElec   +          Harm     .    t - +0 cloak
rCorr   .          Rampage  .    (no gloves)
Will    .....                    (no boots)
Stlth   +++.......               (no amulet)
HPRegen 0.24/turn                (no ring)
MPRegen 0.10/turn                (no ring)

@: weakened
A: sickness immunity, AC +3, negative energy resistance 1, electricity
resistance, torment resistance 1, petrification resistance
a: no special abilities


You were on level 3 of the Dungeon.
You visited 1 branch of the dungeon, and saw 3 of its levels.

You collected 109 gold pieces.

Inventory:

Hand Weapons
 a - a +1 dagger (weapon)
Armour
 b - a +0 robe (worn)
 d - a +2 buckler (worn)
 t - a +0 cloak (worn)
Jewellery
 q - a ring of fire
Scrolls
 h - 2 scrolls of vulnerability {unknown}
 i - 2 scrolls of poison {unknown}
 j - 2 scrolls of fear
 k - a scroll of torment
 m - a scroll of teleportation
 o - a scroll of magic mapping {unknown}
 p - a scroll of silence {unknown}
Potions
 c - a potion of invisibility
 e - a potion of brilliance {unknown}
 f - a potion of attraction {unknown}
 g - 2 potions of curing {unknown}
 l - a potion of might {unknown}
 n - a potion of haste {unknown}
 r - 4 potions of flight {unknown}
 s - a potion of ambrosia {unknown}


   Skills:
 * Level 2.3 Fighting
 * Level 2.2 Short Blades
 - Level 1.5 Dodging
 * Level 4.5 Stealth
 - Level 2.0 Spellcasting
 - Level 2.6 Hexes


You had 7 spell levels left.
You didn't know any spells.
Your spell library contained the following spells:

 Spells                   Type           Power      Damage    Failure   Level
 Ensorcelled Hibernation  Hex/Ice        10%        N/A       26%         2
 Magic Dart               Conj           4%         1d3       30%         1
 Confusing Touch          Hex            9%         N/A       30%         3
 Tukima's Dance           Hex            9%         N/A       30%         3
 Call Imp                 Summ           1%         N/A       41%         2
 Dazzling Flash           Conj/Hex       10%        N/A       45%         3
 Mephitic Cloud           Conj/Pois/Air  1%         N/A       65%         3
 Animate Dead             Necr           1%         N/A       96%         4
 Haunt                    Necr/Summ      0%         N/A       100%        7
 Infestation              Necr           0%         N/A       100%        8


Dungeon Overview and Level Annotations

Branches:
Dungeon (3/15)

Altars:

Shops:
D:3 [

Annotations:
D:2 Sigmund


Innate Abilities, Weirdness & Mutations

You are immune to sickness and miasma.
Your stone body is resilient. (AC +3)
You are immune to poison.
You resist negative energy. (rN+)
You are resistant to electric shocks. (rElec)
You are resistant to unholy torment.
You are immune to petrification.


Message History

The gnoll hits you but does no damage.
You hit the gnoll but do no damage.
The gnoll is moderately wounded.
You block the gnoll's attack.
You hit the gnoll but do no damage.
The gnoll is moderately wounded.
The gnoll bouda gazes fiercely through you!
You feel as though you will be weak longer.
You hit the gnoll bouda but do no damage.
The gnoll closely misses you.
You hit the gnoll bouda but do no damage.
The gnoll bouda gazes fiercely through you!
You feel as though you will be weak longer.
The gnoll bouda barely misses you. The gnoll closely misses you.
You hit the gnoll bouda but do no damage.
The gnoll bouda hits you with a +0 whip.
The gnoll completely misses you.
You hit the gnoll bouda.
The gnoll bouda is lightly wounded.
The gnoll bouda misses you.
You hit the gnoll bouda but do no damage.
The gnoll bouda is lightly wounded.
The gnoll closely misses you.
The gnoll bouda calls upon its god to heal the gnoll.
The gnoll's wounds heal themselves!
You hit the gnoll bouda.
The gnoll bouda is moderately wounded.
The gnoll closely misses you.
The gnoll bouda gazes fiercely through you!
You feel as though you will be weak longer.
The gnoll bouda closely misses you.
You hit the gnoll bouda but do no damage.
The gnoll bouda is moderately wounded.
The gnoll hits you from afar with a +0 halberd!
The gnoll bouda hits you with a +0 whip!
* * * LOW HITPOINT WARNING * * *
You hit the gnoll bouda but do no damage.
The gnoll bouda is moderately wounded.
The gnoll hits you from afar with a +0 halberd!
You die...

#.##...............# #
.......#.###.##.##.# # #
.##.##...##.##.##.# # #.
#.#.....#.##.##.# #
.###..##.##...##.##....#
#
......(....gg###.####..#
# ......######g#
#.####..# .###. #g#
#.......##### #
##@########......#
##...## ##.####.#
##.....## ##...###.#
##.......###..>..##.#
#.......<.##......#.##
.'....≈....'...........
###....≈...≈≈.#.....####
#...≈≈~..≈~.####.#.#
#.~≈....≈~##.# ###.#


You could see a gnoll bouda and 3 gnolls.

Vanquished Creatures
  Jessica (D:3)
  Robin (D:2)
  A worm (D:2)
  A dart slug (D:2)
  4 bats
  5 endoplasms
  2 giant cockroaches
  11 hobgoblins
  A quokka (D:2)
  3 ball pythons
  2 frilled lizards (D:1)
  9 goblins
  3 kobolds
  A rat (D:1)
45 creatures vanquished.

Notes
Turn   | Place    | Note
-------+----------+-------------------------------------------
     0 | D:1      | greasedhog the Gargoyle Enchanter began the quest for the
                  | Orb.
     0 | D:1      | Reached XP level 1. HP: 10/10 MP: 3/3
    99 | D:1      | Reached skill level 1 in Short Blades
   245 | D:1      | Reached XP level 2. HP: 13/16 MP: 5/5
   566 | D:1      | Reached skill level 1 in Fighting
  1180 | D:2      | Found a faded altar of an unknown god.
  1447 | D:2      | Reached XP level 3. HP: 20/20 MP: 6/6
  1527 | D:2      | Noticed Robin
  1633 | D:2      | Killed Robin
  1634 | D:2      | Reached skill level 4 in Stealth
  1727 | D:2      | Noticed Sigmund
  1944 | D:3      | Reached XP level 4. HP: 26/26 MP: 7/7
  2023 | D:3      | Noticed Jessica
  2044 | D:3      | Killed Jessica
  2708 | D:2      | You fall into a shaft and drop 1 floor!
  2744 | D:3      | Found Etaugouj's Antique Armour Shoppe.
  3001 | D:3      | Mangled by a gnoll

Illustrated notes

Levels and vault maps discovered:
D:1:      evilmike_arrival_hilbert_curve, layout_basic
D:2:      layout_loops_ring, basic_altar, ebering_ecumenical_altar_mist,
          uniq_robin, uniq_sigmund
D:3:      layout_loops_corners, serial_shops, shop,
          chequers_serial_rivers_small_b, uniq_jessica

Skill      XL: |  1  2  3  4 |
---------------+-------------+-----
Short Blades   | 1 2 |  2.2
Fighting       | 1 2 |  2.3
Stealth        | 4 |  4.5
Dodging        | |  1.5
Spellcasting   | |  2.0
Hexes          | |  2.6

Action                   |  1- 3 |  4- 6 || total
-------------------------+-------+-------++-------
Melee: Dagger            |   177 |    72 ||   249
  Use: Scroll            |     2 |     1 ||     3
       Potion            |       |     1 ||     1
 Stab: Sleeping          |     5 |       ||     5
       Distracted        |       |     1 ||     1
Armor: Robe              |    48 |    15 ||    63
Dodge: Dodged            |    91 |    30 ||   121
Block: Buckler           |    30 |     9 ||    39

Table legend: (Time is in decaauts)
 A = Elapsed time spent in this place.
 B = Non-inter-level travel time spent in this place.
 C = Inter-level travel time spent in this place.
 D = Time resting spent in this place.
 E = Time spent auto-exploring this place.
 F = Levels seen in this place.
 G = Mean time per level.
                   A        B        C        D        E       F      G
               +--------+--------+--------+--------+--------+-----+--------+
         Total |   2992 |   2964 |     28 |    440 |   1949 |   3 |  997.3 |
       Dungeon |   2992 |   2964 |     28 |    440 |   1949 |   3 |  997.3 |
               +--------+--------+--------+--------+--------+-----+--------+

Top non-repeatable levels by time:
     D:1: 1179 daAuts
     D:2: 1006 daAuts
     D:3: 807 daAuts
